 Dungeon Crawl Stone Soup version 0.26-a0-651-gb41185065b (webtiles) character file.

Game seed: 9447474339312815514

3864 mg7810 the Cleaver (level 9, 0/74 HPs)
             Began as a Minotaur Fighter on Sept 27, 2020.
             Was a Believer of Ru.
             Slain by a gnoll
             ... wielding a +0 halberd
              (4 damage)
             ... on level 8 of the Dungeon on Sept 29, 2020.
             The game lasted 00:28:05 (7828 turns).

mg7810 the Cleaver (Minotaur Fighter)               Turns: 7828, Time: 00:28:06

Health: 0/74       AC: 17    Str: 20 (23) XL:     9   Next: 99%
Magic:  7/7        EV:  5    Int:  3 (5)  God:    Ru [**....]
Gold:   122        SH: 10    Dex:  9 (11) Spells: 8/8 levels left

rFire    . . .     SeeInvis .   a - +3 broad axe (drain)
rCold    . . .     Faith    .   c - +0 kite shield
rNeg     . . .     Spirit   .   D - +0 plate armour
rPois    .         Reflect  .   (helmet restricted)
rElec    .         Harm     .   (no cloak)
rCorr    .         Rampage  .   y - +2 pair of gloves {archery}
MR       +....     Clarity  +   p - +0 pair of boots
Stlth    ..........             z - amulet of the acrobat
HPRegen  0.22/turn              (no ring)
MPRegen  0.10/turn              (no ring)

@: no status effects
A: retaliatory headbutt, horns 2, camouflage 1, clarity, low mp 1, magic
resistance 1, unskilled 1
a: Renounce Religion


You were on level 8 of the Dungeon.
You worshipped Ru.
Ru was pleased with you.
You visited 2 branches of the dungeon, and saw 9 of its levels.

You collected 442 gold pieces.
You spent 320 gold pieces at shops.

Inventory:

Hand Weapons
 a - a +3 broad axe of draining (weapon)
 b - a +1 falchion of holy wrath
 f - a +2 flail of protection
 i - a +0 hand axe of electrocution
Missiles
 m - 10 boomerangs (quivered)
Armour
 c - a +0 kite shield (worn)
 p - a +0 pair of boots (worn)
 y - a +2 pair of gloves of archery (worn)
 D - a +0 plate armour (worn)
Jewellery
 z - an amulet of the acrobat (around neck)
 C - an uncursed amulet of guardian spirit
Wands
 h - a wand of random effects (14)
 s - a wand of digging (5)
 u - a wand of flame (37)
Scrolls
 d - 3 scrolls of remove curse
 g - a scroll of fog
 k - a scroll of fear
 l - a scroll of vulnerability {unknown}
 n - 3 scrolls of magic mapping
 q - 2 scrolls of enchant armour {unknown}
 v - 3 scrolls of teleportation
 w - a scroll of identify
 E - a scroll of enchant weapon {unknown}
Potions
 j - 4 potions of flight
 o - 4 potions of cancellation
 r - a potion of brilliance
 t - a potion of ambrosia
 x - a potion of stabbing
 B - a potion of invisibility


   Skills:
 + Level 5.4 Fighting
 + Level 8.1 Axes
 * Level 4.7 Throwing
 + Level 6.2 Armour
 + Level 2.3 Dodging
 + Level 6.5 Shields
 * Level 5.3 Unarmed Combat
 * Level 3.7 Evocations


You had 8 spell levels left.
You didn't know any spells.
Your spell library contained the following spells:

 Spells                   Type           Power        Failure   Level
 Animate Skeleton         Necr           #.....       100%        1
 Beastly Appendage        Tmut           #.....       100%        1
 Magic Dart               Conj           #...         100%        1
 Pain                     Necr           #...         100%        1
 Blink                    Tloc           N/A          100%        2
 Call Imp                 Summ           #.......     100%        2
 Slow                     Hex            #.......     100%        2
 Conjure Flame            Conj/Fire      #.......     100%        3
 Mephitic Cloud           Conj/Pois/Air  #.......     100%        3
 Vampiric Draining        Necr           #.........   100%        3
 Animate Dead             Necr           #.........   100%        4
 Petrify                  Tmut/Erth      #.......     100%        4
 Agony                    Necr           #.......     100%        5
 Yara's Violent Unravell  Hex/Tmut       #.........   100%        5
 Dragon Form              Tmut           #.........   100%        7


Dungeon Overview and Level Annotations

Branches:
Dungeon (8/15)             Temple (1/1) D:6
   Lair: D:8-11

Altars:
Ashenzari
Cheibriados
Elyvilon
Fedhas
Gozag
Hepliaklqana
Kikubaaqudgha
Makhleb
Okawaru
Qazlal
Ru
Sif Muna
Trog
Uskayaw
Vehumet
Wu Jian
Xom
Yredelemnul
Zin

Shops:
D:4 *   D:5 *   D:8 [


Innate Abilities, Weirdness & Mutations

You reflexively headbutt those who attack you in melee.
You have a pair of horns on your head.
You are somewhat unskilled. (-1 Apt)
Your skin changes colour to match your surroundings (Stealth+).
You possess an exceptional clarity of mind.
Your magical capacity is low. (-10% MP)
You are resistant to hostile enchantments. (MR+)


Message History

The gnoll completely misses you. The gnoll sergeant misses you.
You furiously retaliate!
You headbutt the gnoll sergeant.
Things that are here:
a +0 whip; a poisoned dart; a sky beast corpse Your shield prevents you from hitting the gnoll sergeant.
The gnoll sergeant is heavily wounded.
You hit the gnoll.
The gnoll sergeant stops glowing.
You block the gnoll's attack. You block the gnoll sergeant's attack.
You barely miss the gnoll sergeant.
The gnoll sergeant is heavily wounded.
You hit the gnoll. You drain the gnoll. The gnoll barely misses you.
You furiously retaliate!
You headbutt the gnoll.
The gnoll sergeant hits you with a +0 trident.
* * * LOW HITPOINT WARNING * * *
Okay, then.
You slash the gnoll sergeant!
You kill the gnoll sergeant!
You barely miss the gnoll. The gnoll barely misses you.
The gnoll hits you with a +0 halberd.
You die...

#..............#.....
####..##......###.###
...##.......###
#..##........#
###......>###
#..(....# ##......#
#..)g..## ###@####
#.# ###


You could see a gnoll (drained).

Vanquished Creatures
  Maggie (D:6)
  A hornet (D:8)
  Eustachio (D:5)
  A water moccasin (D:7)
  2 ice beasts
  4 orc warriors
  3 ogres
  4 sky beasts
  5 centaurs
  A big kobold (D:8)
  Blork the orc (D:6)
  2 bullfrogs
  A gnoll sergeant (D:8)
  3 scorpions
  3 wights (D:6)
  A centaur zombie (D:6)
  2 orc priests (D:6)
  4 hounds
  2 jellies
  A centaur skeleton (D:7)
  A gnoll shaman (D:5)
  An iguana (D:5)
  4 orc wizards
  3 worker ants
  A killer bee zombie (D:6)
  Robin (D:3)
  11 gnolls
  7 adders
  2 shadow imps
  A white imp (D:7)
  An adder zombie (D:7)
  An adder skeleton (D:5)
  5 worms
  2 dart slugs (D:1)
  8 leopard geckos
  22 orcs
  9 bats
  8 giant cockroaches
  21 goblins
  10 hobgoblins
  16 jackals
  9 kobolds
  5 quokkas
  A ball python (D:5)
  7 frilled lizards
  A jackal skeleton (D:6)
  A leopard gecko skeleton (D:6)
  6 rats
  A spectral orc (D:2)
209 creatures vanquished.

Vanquished Creatures (others)
  A plant (D:5)
1 creature vanquished.

Grand Total: 210 creatures vanquished

Notes
Turn   | Place    | Note
-------+----------+-------------------------------------------
     0 | D:1      | mg7810 the Minotaur Fighter began the quest for the Orb.
     0 | D:1      | Reached XP level 1. HP: 19/19 MP: 0/0
   194 | D:1      | Reached XP level 2. HP: 27/27 MP: 1/1
   281 | D:1      | Reached skill level 1 in Unarmed Combat
   346 | D:1      | Reached XP level 3. HP: 31/33 MP: 2/2
   403 | D:1      | Reached skill level 3 in Axes
   724 | D:1      | Upgraded the game from 0.26-a0-649-gf8c6c3aab7 to
                  | 0.26-a0-651-gb41185065b
   818 | D:2      | Reached XP level 4. HP: 32/40 MP: 3/3
   915 | D:2      | Reached skill level 1 in Throwing
  1189 | D:2      | Found a basalt altar of Yredelemnul.
  1367 | D:2      | Found a sacrificial altar of Ru.
  1405 | D:2      | Became a worshipper of Ru the Awakened
  1506 | D:2      | Reached skill level 4 in Axes
  1731 | D:2      | Reached XP level 5. HP: 46/46 MP: 4/4
  2247 | D:3      | Noticed Robin
  2271 | D:3      | Killed Robin
  2496 | D:3      | Noticed a sky beast
  2531 | D:3      | Gained mutation: Your skin changes colour to match your
                  | surroundings (Stealth+). [potion of mutation]
  2531 | D:3      | Gained mutation: You are resistant to hostile enchantments.
                  | (MR+) [potion of mutation]
  2531 | D:3      | Gained mutation: Your magical capacity is low. (-10% MP)
                  | [potion of mutation]
  2531 | D:3      | Gained mutation: You possess an exceptional clarity of
                  | mind. [potion of mutation]
  2556 | D:4      | Found an opulent altar of Gozag.
  3193 | D:3      | Killed a sky beast
  3193 | D:3      | Reached XP level 6. HP: 11/53 MP: 4/4
  3544 | D:3      | Gained mutation: You are somewhat unskilled. (-1 Apt) [Ru
                  | sacrifice]
  3544 | D:3      | Reached * piety under Ru
  3544 | D:3      | Reached ** piety under Ru
  4069 | D:4      | Found Osooriduu's Assorted Antiques.
  4072 | D:4      | Bought a pair of glowing gloves for 187 gold pieces
  4305 | D:4      | Found an ornate altar of the Wu Jian Council.
  4314 | D:4      | Reached skill level 1 in Dodging
  4314 | D:4      | Reached XP level 7. HP: 59/59 MP: 5/5
  4316 | D:4      | Found a radiant altar of Vehumet.
  4316 | D:4      | Found an ancient bone altar of Kikubaaqudgha.
  4318 | D:4      | Found a blossoming altar of Fedhas.
  4485 | D:5      | Entered Level 5 of the Dungeon
  4526 | D:5      | Found Xauwk's Assorted Antiques.
  4551 | D:5      | Reached skill level 1 in Evocations
  4609 | D:5      | Noticed Eustachio
  4618 | D:5      | Killed Eustachio
  4618 | D:5      | Reached skill level 5 in Axes
  4989 | D:5      | Reached XP level 8. HP: 66/66 MP: 6/6
  5001 | D:5      | Found a burning altar of Makhleb.
  5001 | D:5      | Noticed a blizzard demon
  5119 | D:6      | Reached skill level 5 in Armour
  5344 | D:6      | Reached skill level 6 in Axes
  5350 | D:6      | Reached skill level 5 in Shields
  5593 | D:6      | Noticed Blork the orc
  5600 | D:6      | Killed Blork the orc
  5923 | D:6      | Reached skill level 5 in Fighting
  5923 | D:6      | Reached XP level 9. HP: 74/74 MP: 7/7
  5965 | D:6      | Noticed Maggie
  5989 | D:6      | Killed Maggie
  5989 | D:6      | Reached skill level 7 in Axes
  6155 | D:6      | Found a staircase to the Ecumenical Temple.
  6482 | Temple   | Entered the Ecumenical Temple
  6624 | D:5      | Bought a glowing broad axe for 133 gold pieces
  6834 | D:7      | Identified the Incunabulum of the Blowfly
  6878 | D:7      | Reached skill level 5 in Unarmed Combat
  7682 | D:8      | Paralysed by a hornet for 1 turns
  7692 | D:8      | Reached skill level 8 in Axes
  7701 | D:8      | Found Xyusaets's Antique Armour Shop.
  7712 | D:8      | Found a stormy altar of Qazlal.
  7729 | D:8      | Noticed a two-headed ogre
  7828 | D:8      | Slain by a gnoll

Illustrated notes

Levels and vault maps discovered:
D:1:      dpeg_arrival_tiny_c, layout_rooms
D:2:      layout_rooms, yredelemnul_forgotten_temple_becter,
          nicolae_ru_awakened_eye, serial_co_window_serial,
          co_window_of_opportunity_a, co_window_paths_a, co_window_paths_b,
          co_window_corner_a, co_window_of_opportunity_a, co_window_2corner,
          co_window_corner_b, co_window_broadway_a, co_window_corner_ca,
          co_window_of_opportunity_b, co_window_4corner_b, co_window_4corner_a,
          glass_columns_a, glass_columns_b, glass_columns_c, glass_columns_a
D:3:      layout_basic, uniq_robin
D:4:      layout_basic, chequers_temple_overflow_statue_of_worship,
          grunt_gozag_breadcrumbs, serial_shops, nicolae_shop_behind_doors
D:5:      layout_loops_ring, makhleb_altar_promises_db, serial_shops,
          nicolae_shop_overgrown_old_shop, uniq_eustachio
D:6:      layout_loops_cross, minmay_temple_entry_butterflies,
          uniq_blork_the_orc, uniq_maggie
D:7:      layout_loops_ring, minmay_misc_feat_diagonals, minmay_starry_boxes
D:8:      layout_cave_pools, lemuel_crystal_altar, lemuel_doored_altar,
          nemelex_xobeh_ov_fountains_minmay, nicolae_qazlal_general_emergency,
          serial_shops, shop, uniq_harold
Temple:   eino_temple_lava

Skill      XL: |  1  2  3  4  5  6  7  8  9 |
---------------+----------------------------+-----
Armour         | 4 5 6 |  6.2
Unarmed Combat | 1 2 3 4 5 |  5.3
Axes           | 3 4 5 6 8 |  8.1
Shields        | 4 5 6 |  6.5
Throwing       | 1 2 3 4 |  4.7
Fighting       | 4 4 5 |  5.4
Dodging        | 1 2 |  2.3
Evocations     | 1 2 3 |  3.7

Action                   |  1- 3 |  4- 6 |  7- 9 || total
-------------------------+-------+-------+-------++-------
Melee: War axe           |    77 |   112 |       ||   189
       Headbutt          |    14 |    26 |    54 ||    94
       Hand axe          |       |    68 |   185 ||   253
       Broad axe         |       |       |    97 ||    97
Throw: Dart              |       |     7 |    20 ||    27
       Boomerang         |       |     6 |       ||     6
Invok: Sacrifice Skill   |       |     1 |       ||     1
       Reject Sacrifices |       |       |     1 ||     1
Evoke: Wand              |       |       |     3 ||     3
  Use: Scroll            |     3 |     2 |     9 ||    14
       Potion            |     1 |     7 |     5 ||    13
 Stab: Distracted        |       |       |     1 ||     1
       Invisible         |       |       |     1 ||     1
Armor: Scale mail        |    55 |    88 |    30 ||   173
       Skin              |       |     7 |    11 ||    18
       Chain mail        |       |       |    32 ||    32
       Plate armour      |       |       |    58 ||    58
Dodge: Dodged            |    41 |    54 |    77 ||   172
Block: Kite shield       |    77 |   116 |   147 ||   340

Table legend: (Time is in decaauts)
 A = Elapsed time spent in this place.
 B = Non-inter-level travel time spent in this place.
 C = Inter-level travel time spent in this place.
 D = Time resting spent in this place.
 E = Time spent auto-exploring this place.
 F = Levels seen in this place.
 G = Mean time per level.
                   A        B        C        D        E       F      G
               +--------+--------+--------+--------+--------+-----+--------+
         Total |   7931 |   7624 |    307 |    332 |   5565 |   9 |  881.2 |
       Dungeon |   7839 |   7534 |    305 |    332 |   5501 |   8 |  979.9 |
        Temple |     91 |     89 |      2 |      0 |     64 |   1 |   91.0 |
               +--------+--------+--------+--------+--------+-----+--------+

Top non-repeatable levels by time:
     D:6: 1451 daAuts
     D:2: 1445 daAuts
     D:3: 1216 daAuts
     D:4: 1088 daAuts
     D:7: 1022 daAuts
     D:1: 786 daAuts
     D:5: 664 daAuts
     D:8: 165 daAuts
  Temple: 91 daAuts
